 Dungeon Sprint DCSS version 0.31-a0-662-g684573625c (webtiles) character file.

Game seed: 10246832196650717402

19572 sircluck the Brawler (level 12, -3/144 HPs)
             Began as a Troll Berserker on Sept 1, 2023.
             Was a Priest of Trog.
             Engulfed by Lom Lobon's freezing vapour (5 damage)
             ... in the Dungeon (Sprint I: "Red Sonja").
             The game lasted 00:10:32 (1656 turns).

sircluck the Brawler (Troll Berserker)              Turns: 1656, Time: 00:10:32

Health: -3/144     AC: 17    Str: 43 (44) XL:     12   Next: 37%
Magic:  0/9        EV: 10    Int:  1      God:    Trog [***...]
Gold:   1299       SH:  0    Dex: 12      Spells: 11/11 levels left

rFire   + +          .
                       - Unarmed
rCold   + + .        (no shield)
rNeg    . . .        c - +0 gold dragon scales
rPois   +            u - +2 hat
rElec   +            w - +0 cloak
rCorr   .            (gloves unavailable)
SInv    .            (boots unavailable)
Will    ++...        (no amulet) Stlth
                     s - ring of Jostetef {rC+ Str+6}
HPRegen 2.24/turn    t - ring of Iptesohu {Drain rElec rF+ Str+6 Dex+3}
MPRegen 0.11/turn

%: no teleportation
@: brilliant, strong-willed, frozen, regenerating, hasted, studying Staves, very
quick
A: large, unfitting armour, claws 3, regeneration 1, shaggy fur 1, tough skin 1,
deterioration 1, dopey 1, low MP 1, no potion heal 1
a: Renounce Religion, Berserk, Trog's Hand


You were in the Dungeon.
You worshipped Trog.
Trog was most pleased with you.
You visited 1 branch You collected 3357 gold pieces.
You spent 2058 gold pieces at shops.

Inventory:

Missiles
 j - 3 curare-tipped darts
 m - 21 stones
Armour
 a - a +1 animal skin
 c - +0 gold dragon scales (worn)
 i - a +2 robe of cold resistance
 u - a +2 hat (worn)
 w - a +0 cloak (worn)
Jewellery
 s - the ring of Jostetef (left claw) {rC+ Str+6}
   (You bought it in a shop in the Dungeon)

   [ring of strength]

   Str+6:     It affects your strength (+6).
   rC+:       It protects you from cold.
 t - the ring of Iptesohu (right claw) {Drain rElec rF+ Str+6 Dex+3}
   (You bought it in a shop in the Dungeon)

   [ring of strength]

   Str+6:     It affects your strength (+6).
   Dex+3:     It affects your dexterity (+3).
   rF+:       It protects you from fire.
   rElec:     It insulates you from electricity.
   Drain:     It drains your maximum health when unequipped.
Wands
 h - a wand of charming (18)
 p - a wand of flame (4)
Scrolls
 l - a scroll of immolation
 o - a scroll of revelation
Potions
 b - 4 potions of curing
 e - 2 potions of magic
 f - a potion of berserk rage
 q - 3 potions of degeneration
Miscellaneous
 r - a lightning rod (4/4)


   Skills:
 + Level 16.2 Fighting
 + Level 16.0 Dodging
 + Level 18.8 Unarmed Combat


You had 11 spell levels left.
You didn't know any spells.
Your spell library was empty.

Dungeon Overview and Level Annotations

Branches:
Dungeon (1/1)

Altars:
Cheibriados
Dithmenos
Elyvilon
Fedhas
Gozag
Hepliaklqana
Kikubaaqudgha
Makhleb
Nemelex Xobeh
Okawaru
Qazlal
Ru
Sif Muna
Trog
Uskayaw
Vehumet
Wu Jian
Xom
Yredelemnul
Zin
The Shining One
Jiyva
Lugonu

Shops:
D ![[:*[[[:=[*[?=?((?[?*

Annotations:
D Lom Lobon


Innate Abilities, Weirdness & Mutations

You are too large for most types of armour.
You have claws for hands.
Your natural rate of healing is unusually fast.
You are covered in fur. (AC +1)
You have tough skin. (AC +1)
Your body sometimes deteriorates upon taking damage.
You are dopey. (Int -2)
Your magical capacity is low. (-10% MP)
Potions are less effective at restoring your health.


Message History

The ball lightning moves out of view.
You hear a clap of thunder!
The blast of lightning engulfs Lom Lobon.
Lom Lobon completely resists.
The blast of lightning engulfs your two-headed ogre!!!
Your two-headed ogre dies!
Your two-headed ogre's corpse disappears in a puff of smoke!
Okay, then.
Aiming: Throw Flame
Press: ? - help, Q - select action, (/) - cycle Shift-Dir - straight line, f - Lom Lobon
Aim: Lom Lobon (moderately wounded, surrounded by restless winds, 33% to hit)
The puff of flame misses Lom Lobon.
Your system partially rejects the healing.
You feel better.
You recover from your berserk rage.
Your skin crawls.
You feel strong-willed.
The ball lightning explodes!
The blast of lightning engulfs Lom Lobon.
Lom Lobon completely resists.
Lom Lobon gestures. 3 ball lightnings come into view.
The ball lightning explodes!
The blast of lightning engulfs Lom Lobon.
Lom Lobon completely resists.
The blast of lightning engulfs you! You resist.
The blast of lightning engulfs the ball lightning.
The ball lightning completely resists.
The blast of lightning engulfs the ball lightning.
The ball lightning completely resists.
Lom Lobon gestures at you.
Lom Lobon conjures a mighty blast of ice!
The great icy blast engulfs you!!! You partially resist.
* * * LOW HITPOINT WARNING * * *
Your body deteriorates!
You feel weakened.
You are encased in ice.
You hear a shout!
Unknown command.
It was a potion of brilliance.
You feel clever all of a sudden.
You are engulfed in freezing vapours.
You resist.
You die...

§§§)§†§§§.§§..#..'§§..#,,,,,,,,,*
§####..§.§##..'†)#.§§§##,,,,,,,,*
§#,*##.§.#######†#§.§..#####,,,,*
.#+*,###+#,,,*#).#§§§§.#...#,,,,*
##,,,*,*,**,,,#§§##...§#.∩.#,,,,*
,*,,,***,,***,#§§§###§##...#,,,,*
,+,,,,,**,*,*,#§§§§§#.####'#,,,,*
,*,,,,,*,,***,#§§§§##§#....##,,,*
,***++**,**,,,#§@§##...§§...##,,*
***,,***,,*+###§§§#...§...§..#,,*
****,,***,,,#.≈&*##§.§.§.§§§§##,*
*,,*,,*,***,#.≈§*#.§..§§|§§§§.#,*
*,,,,,,,,,*,###§§#.§§.§§......#,*
*,,,,,,,,,*,#*'..##..........##,*
+,,,,,,****+#§##+##..........#,,*
**,,,***,,,,#.#~~~##........##,,*
,*****,,,***#T#~~~~##.)....##,,,*


You could see Lom Lobon (gusty) and 2 ball lightnings.

Vanquished Creatures
  A shadow dragon (D)
  A deep elf annihilator (D)
  A mummy priest (D)
  A hydra (D)
  2 centaur warriors (D)
  2 demonic crawlers (D)
  A deep troll (D)
  A lindwurm (D)
  2 oklob plants (D)
  A shining eye (D)
  A merfolk siren (D)
  2 unseen horrors (D)
  2 kobold demonologists (D)
  3 hornets (D)
  Sigmund (D)
  A slime creature (D)
  A yak (D)
  13 hogs (D)
  2 redbacks (D)
  4 floating eyes (D)
  An ogre (D)
  6 jellies (D)
  Ijyb (D)
51 creatures vanquished.

Vanquished Creatures (collateral kills)
  A golden dragon (D)
  Sonja (D)
  2 demonic crawlers (D)
  7 shining eyes (D)
  3 floating eyes (D)
  7 necrophages (D)
  2 jellies (D)
23 creatures vanquished.

Vanquished Creatures (others)
  A merfolk siren (D)
  2 hornets (D)
  9 ball lightnings (D)
  2 ballistomycete spores (D)
14 creatures vanquished.

Grand Total: 88 creatures vanquished

Notes
Turn   | Place    | Note
-------+----------+-------------------------------------------
     0 | D        | sircluck the Troll Berserker began the quest for the Orb.
     0 | D        | Reached XP level 1. HP: 22/22 MP: 0/0
     1 | D        | Noticed Ijyb
    46 | D        | Killed Ijyb
    47 | D        | Reached skill level 4 in Unarmed Combat
    47 | D        | Reached XP level 2. HP: 26/32 MP: 1/1
    57 | D        | Noticed an ogre
    60 | D        | Killed an ogre
    61 | D        | Reached skill level 5 in Fighting
    61 | D        | Reached skill level 5 in Dodging
    61 | D        | Reached skill level 6 in Unarmed Combat
    61 | D        | Reached XP level 3. HP: 42/42 MP: 2/2
    61 | D        | Reached XP level 4. HP: 50/50 MP: 3/3
   119 | D        | Noticed Sigmund
   127 | D        | Killed Sigmund
   127 | D        | Reached ** piety under Trog
   128 | D        | Reached skill level 7 in Unarmed Combat
   128 | D        | Reached XP level 5. HP: 47/61 MP: 4/4
   148 | D        | Found a burning altar of Makhleb.
   148 | D        | Found a viscous altar of Jiyva.
   148 | D        | Found a shimmering altar of Xom.
   148 | D        | Found a corrupted altar of Lugonu.
   148 | D        | Noticed a slime creature
   153 | D        | Found an ornate altar of the Wu Jian Council.
   153 | D        | Found a shimmering blue altar of Sif Muna.
   155 | D        | Found a radiant altar of Vehumet.
   158 | D        | Reached skill level 8 in Unarmed Combat
   158 | D        | Reached XP level 6. HP: 64/68 MP: 5/5
   186 | D        | Found Fopoock's Book Emporium.
   186 | D        | Found an ancient bone altar of Kikubaaqudgha.
   186 | D        | Found a hazy altar of Hepliaklqana.
   186 | D        | Found a hide-covered altar of Uskayaw.
   186 | D        | Found a basalt altar of Yredelemnul.
   186 | D        | Found an opulent altar of Gozag.
   186 | D        | Found a snail-covered altar of Cheibriados.
   186 | D        | Found a sacrificial altar of Ru.
   186 | D        | Found a shadowy altar of Dithmenos.
   186 | D        | Noticed a yak
   193 | D        | Killed a yak
   197 | D        | Found a stormy altar of Qazlal.
   197 | D        | Found a blossoming altar of Fedhas.
   197 | D        | Found a bloodstained altar of Trog.
   197 | D        | Found an iron altar of Okawaru.
   197 | D        | Found a glowing golden altar of the Shining One.
   197 | D        | Found a glowing silver altar of Zin.
   197 | D        | Found a white marble altar of Elyvilon.
   198 | D        | Found a sparkling altar of Nemelex Xobeh.
   219 | D        | Killed a slime creature
   219 | D        | Reached *** piety under Trog
   220 | D        | Reached skill level 9 in Unarmed Combat
   220 | D        | Reached XP level 7. HP: 66/80 MP: 6/6
   368 | D        | Noticed a kobold demonologist
   368 | D        | Noticed a kobold demonologist
   375 | D        | Killed a kobold demonologist
   376 | D        | Reached skill level 10 in Unarmed Combat
   377 | D        | Killed a kobold demonologist
   377 | D        | Reached **** piety under Trog
   378 | D        | Reached XP level 8. HP: 90/92 MP: 7/7
   401 | D        | Noticed Sonja
   428 | D        | Killed Sonja
   429 | D        | Reached skill level 10 in Fighting
   429 | D        | Reached skill level 10 in Dodging
   429 | D        | Reached skill level 11 in Unarmed Combat
   482 | D        | Noticed a deep troll
   488 | D        | Killed a deep troll
   489 | D        | Reached skill level 12 in Unarmed Combat
   489 | D        | Reached XP level 9. HP: 102/102 MP: 8/8
   514 | D        | Found Xypomepp's Armour Emporium.
   541 | D        | Found Dib Modu's Distillery.
   549 | D        | Bought a potion of heal wounds for 50 gold pieces
   577 | D        | Noticed a centaur warrior
   577 | D        | Noticed a centaur warrior
   582 | D        | Killed a centaur warrior
   583 | D        | Reached skill level 13 in Unarmed Combat
   585 | D        | Killed a centaur warrior
   640 | D        | Noticed an oklob plant
   647 | D        | Killed an oklob plant
   648 | D        | Reached XP level 10. HP: 95/115 MP: 9/9
   664 | D        | Reached skill level 14 in Unarmed Combat
   751 | D        | Reached ***** piety under Trog
   760 | D        | Received a gift from Trog
   815 | D        | Found Ruffi's Armour Shoppe.
   815 | D        | Found Vesm's Armour Shop.
   815 | D        | Found Kaahiumu's Book Boutique.
   817 | D        | Found Teowoopn's Jewellery Emporium.
   817 | D        | Found Kausiys's Armour Shop.
   817 | D        | Found Yley's Assorted Antiques.
   817 | D        | Found Cofoq's Antique Armour Boutique.
   817 | D        | Found Hoddao Jeyd's Magic Scroll Emporium.
   817 | D        | Found Toireh's Jewellery Shop.
   817 | D        | Found Lac Kyi's Magic Scroll Shoppe.
   865 | D        | Found Caalofy's Weapon Boutique.
   866 | D        | Bought the ring of Jostetef {rC+ Str+6} for 600 gold pieces
   866 | D        | Bought the ring of Iptesohu {Drain rElec rF+ Str+6 Dex+3}
                  | for 692 gold pieces
   868 | D        | Found Yveuf's Magic Scroll Emporium.
   868 | D        | Found Eqoxarug's Weapon Boutique.
   869 | D        | Found Ohedgh's Magic Scroll Emporium.
   870 | D        | Bought an embroidered hat for 119 gold pieces
   872 | D        | Bought a scroll of enchant armour for 105 gold pieces
   927 | D        | Noticed a shining eye
   927 | D        | Noticed a shining eye
   927 | D        | Noticed a shining eye
   928 | D        | Gained mutation: You are dopey. (Int -2) [a shining eye]
   932 | D        | Paralysed by a floating eye for 4 turns
   938 | D        | Killed a shining eye
   938 | D        | Noticed a shining eye
   939 | D        | Reached skill level 15 in Unarmed Combat
   941 | D        | Killed a shining eye
   943 | D        | Killed a shining eye
   945 | D        | Killed a shining eye
   945 | D        | Received a gift from Trog
   948 | D        | Noticed a shining eye
   948 | D        | Noticed a shining eye
   956 | D        | Killed a shining eye
   957 | D        | Reached XP level 11. HP: 127/127 MP: 10/10
   957 | D        | Killed a shining eye
   962 | D        | Noticed a shining eye
   962 | D        | Noticed a shining eye
   962 | D        | Gained mutation: Potions are less effective at restoring
                  | your health. [a shining eye]
   963 | D        | Gained mutation: Your body sometimes deteriorates upon
                  | taking damage. [a shining eye]
   967 | D        | Killed a shining eye
   973 | D        | Gained mutation: Your magical capacity is low. (-10% MP) [a
                  | shining eye]
   976 | D        | Paralysed by a floating eye for 3 turns
   980 | D        | Reached skill level 16 in Unarmed Combat
   982 | D        | Killed a shining eye
   997 | D        | Found Uloyfi's Assorted Antiques.
   997 | D        | Found Masiz's Antique Armour Shoppe.
   997 | D        | Found Noej's Antique Armour Boutique.
   997 | D        | Found Meacatt's Antique Armour Emporium.
  1046 | D        | Noticed a demonic crawler
  1046 | D        | Noticed a demonic crawler
  1046 | D        | Noticed a demonic crawler
  1046 | D        | Noticed a demonic crawler
  1049 | D        | Killed a demonic crawler
  1052 | D        | Killed a demonic crawler
  1055 | D        | Killed a demonic crawler
  1058 | D        | Killed a demonic crawler
  1113 | D        | Noticed a lindwurm
  1116 | D        | Killed a lindwurm
  1134 | D        | Reached skill level 17 in Unarmed Combat
  1140 | D        | Received a gift from Trog
  1158 | D        | Reached ****** piety under Trog
  1159 | D        | Received a gift from Trog
  1160 | D        | Reached skill level 15 in Fighting
  1192 | D        | Noticed a 12-headed hydra
  1195 | D        | Killed a 14-headed hydra
  1197 | D        | Reached skill level 15 in Dodging
  1306 | D        | Noticed a shadow dragon
  1306 | D        | Noticed a golden dragon
  1316 | D        | Killed a shadow dragon
  1322 | D        | Killed a golden dragon
  1323 | D        | Reached skill level 18 in Unarmed Combat
  1323 | D        | Reached XP level 12. HP: 59/144 MP: 9/9
  1443 | D        | Found Leneo's Assorted Antiques.
  1454 | D        | Bought a scroll of revelation for 180 gold pieces
  1454 | D        | Bought a scroll labelled EVIUFI ISEA for 24 gold pieces
  1454 | D        | Bought a cloak for 108 gold pieces
  1457 | D        | Bought a scroll of enchant armour for 180 gold pieces
  1509 | D        | Noticed a deep elf annihilator
  1521 | D        | Noticed a mummy priest
  1532 | D        | Killed a deep elf annihilator
  1600 | D        | Noticed a jiangshi
  1603 | D        | Killed a mummy priest
  1633 | D        | Noticed Lom Lobon
  1655 | D        | HP: 2/144 [Lom Lobon/great icy blast (56)]
  1656 | D        | Engulfed by Lom Lobon's freezing vapour

Illustrated notes

Levels and vault maps discovered:
D:        dungeon_sprint_1 [red_sonja_temple_1, red_sonja_temple_small_1]

Skill      XL: |  1  2  3  4  5  6  7  8  9 10 11 12 |
---------------+-------------------------------------+-----
Fighting       | 3 5 6 8 9 10 11 13 15 16 | 16.2
Dodging        | 3 5 6 7 9 10 11 13 15 16 | 16.0
Unarmed Combat | 4 6 7 8 9 10 12 13 15 18 | 18.8

Action                     |  1- 3 |  4- 6 |  7- 9 | 10-12 || total
---------------------------+-------+-------+-------+-------++-------
  Melee: Unarmed           |    28 |    20 |    26 |   117 ||   191
         Punch             |       |     1 |     2 |    11 ||    14
 Invoke: Berserk           |     1 |     1 |     1 |     4 ||     7
         Brothers in Arms  |       |       |     2 |    11 ||    13
         Trog's Hand       |       |       |       |     1 ||     1
  Evoke: Wand              |       |       |     1 |     2 ||     3
    Use: Scroll            |       |       |       |     7 ||     7
         Potion            |       |       |       |     7 ||     7
 Armour: Animal skin       |    23 |     3 |       |       ||    26
         Robe              |       |     7 |    35 |    86 ||   128
         Gold dragon scale |       |       |       |    27 ||    27
  Dodge: Dodged            |    11 |     6 |     9 |    57 ||    83

Table legend: (Time is in decaauts)
 A = Elapsed time spent in this place.
 B = Non-inter-level travel time spent in this place.
 C = Inter-level travel time spent in this place.
 D = Time resting spent in this place.
 E = Time spent auto-exploring this place.
 F = Levels seen in this place.
 G = Mean time per level.
                   A        B        C        D        E       F      G
               +--------+--------+--------+--------+--------+-----+--------+
         Total |   1676 |   1665 |     11 |    518 |    284 |   1 | 1676.0 |
       Dungeon |   1676 |   1665 |     11 |    518 |    284 |   1 | 1676.0 |
               +--------+--------+--------+--------+--------+-----+--------+

Top non-repeatable levels by time:
       D: 1676 daAuts
